 Dungeon Crawl Stone Soup version 0.30-a0-331-g8ab09dc110 (webtiles) character file.

Game seed: 8740913223772091873

6 ragingrage the Grasshopper (level 1, -1/15 HPs)
             Began as a Demonspawn Wanderer on Oct 29, 2022.
             Frozen to death by an endoplasm (3 damage)
             ... on level 1 of the Dungeon.
             The game lasted 00:01:01 (370 turns).

ragingrage the Grasshopper (Demonspawn Wanderer)     Turns: 370, Time: 00:01:01

Health: -1/15      AC:  2    Str:  9    XL:     1   Next: 75%
Magic:  2/2        EV: 11    Int: 23    God:
Gold:   10         SH:  0    Dex: 11    Spells: 1/2 levels left

rFire   . . .      SeeInvis .    a - +0 dagger
rCold   . . .      Faith    +    (no shield)
rNeg    . . .      Spirit   .    d - +0 robe
rPois   .          Reflect  .    (no helmet)
rElec   .          Harm     .    (no cloak)
rCorr   .          Rampage  .    (no gloves)
Will    .....                    (no boots)
Stlth   +.........               f - amulet of faith
HPRegen 0.22/turn                e - +6 ring of intelligence
MPRegen 0.08/turn                (no ring)

@: no status effects
A: no striking features
a: no special abilities


You were on level 1 of the Dungeon.
You visited 1 branch of the dungeon, and saw 1 of its levels.

You collected 10 gold pieces.

Inventory:

Hand Weapons
 a - a +0 dagger (weapon)
Missiles
 b - 5 poisoned darts (quivered)
Armour
 d - a +0 robe (worn)
Jewellery
 e - a +6 ring of intelligence (left hand)
 f - an amulet of faith (around neck)
Scrolls
 c - a scroll of fear
 g - a scroll of summoning {unknown}
Potions
 h - a potion of haste {unknown}


   Skills:
 + Level 1.0 Fighting
 - Level 1.0 Throwing
 - Level 1.0 Armour
 - Level 1.0 Spellcasting
 - Level 2.1 Necromancy
 + Level 3.7 Translocations
 - Level 1.0 Evocations


You had one spell level left.
You knew the following spells:

 Your Spells              Type           Power      Damage    Failure   Level
a - Apportation           Tloc           36%        N/A       3%          1

Your spell library contained the following spells:

 Spells                   Type           Power      Damage    Failure   Level
 Sublimation of Blood     Necr           11%        N/A       9%          2
 Gell's Gravitas          Tloc           18%        N/A       9%          3
 Cigotuvi's Dreadful Rot  Necr/Pois/Air  8%         N/A       16%         2
 Passage of Golubria      Tloc           18%        N/A       30%         4


Dungeon Overview and Level Annotations

Branches:
Dungeon (1/15)

Altars:


Message History

You throw a poisoned dart.
The poisoned dart closely misses the kobold.
The poisoned dart hits the endoplasm.
The endoplasm is moderately wounded.
The kobold hits you with a +0 short sword.
Throw: 7 darts (poison)
Press: ? - help, Q - select action, (/) - cycle Shift-Dir - straight line, f/p - kobold
Aim: a kobold, wielding a +0 short sword (moderately wounded, 45% to hit)
You throw a poisoned dart.
The poisoned dart closely misses the kobold.
The poisoned dart hits the endoplasm.
The endoplasm is moderately wounded.
The kobold hits you with a +0 short sword.
Throw: 6 darts (poison)
Press: ? - help, Q - select action, (/) - cycle Shift-Dir - straight line, f/p - kobold
Aim: a kobold, wielding a +0 short sword (moderately wounded, 45% to hit)
You throw a poisoned dart. The poisoned dart hits the kobold.
The kobold is poisoned.
The kobold is moderately wounded.
The kobold closely misses you.
You hit the kobold.
You kill the kobold!
You hit the endoplasm.
The endoplasm is lightly wounded.
The endoplasm freezes you.
You are frozen.
You barely miss the endoplasm.
The endoplasm is lightly wounded.
The endoplasm freezes you.
You are frozen.
You hit the endoplasm.
The endoplasm is moderately wounded.
The endoplasm freezes you.
You are frozen.
* * * LOW HITPOINT WARNING * * *
You hit the endoplasm.
The endoplasm is severely wounded.
The endoplasm freezes you.
You are frozen.
You die...

#..#..........#
###.##.########..
#......# #...####
###### ###..## ##
#....#######....##....
#..................#
#....#########.######
###### ##..JJ@........
#(.#.###.......
#...##.# .###### #....
.>. .# ....J.##..## ##
...... .(## #######.J
#.#


You could see 2 endoplasms.

Vanquished Creatures
  A goblin (D:1)
  A quokka (D:1)
  2 bats (D:1)
  A kobold (D:1)
  2 rats (D:1)
7 creatures vanquished.

Notes
Turn   | Place    | Note
-------+----------+-------------------------------------------
     0 | D:1      | ragingrage the Demonspawn Wanderer began the quest for the
                  | Orb.
     0 | D:1      | ragingrage set off with the following items: a +0 dagger, 9
                  | poisoned darts, a scroll of fear, a +0 robe; and the
                  | following spell memorised: Apportation; and the following
                  | spells available to memorise: Sublimation of Blood, Gell's
                  | Gravitas, Cigotuvi's Dreadful Rot, Passage of Golubria.
     0 | D:1      | Reached XP level 1. HP: 13/13 MP: 2/2
   337 | D:1      | Reached skill level 1 in Fighting
   370 | D:1      | Frozen to death by an endoplasm

Illustrated notes

Levels and vault maps discovered:
D:1:      saegor_arrival_simple_b, layout_rooms, serial_bayou_ford_a

Skill      XL: |  1 |
---------------+----+-----
Fighting       | 1 |  1.0
Throwing       | |  1.0
Armour         | |  1.0
Spellcasting   | |  1.0
Necromancy     | |  2.1
Translocations | |  3.7
Evocations     | |  1.0

Action                   || total
-------------------------++-------
Melee: Dagger            ||    44
       Punch             ||     1
Throw: Dart              ||     4
 Cast: Apportation       ||     2
Armor: Robe              ||    11
Dodge: Dodged            ||    30

Table legend: (Time is in decaauts)
 A = Elapsed time spent in this place.
 B = Non-inter-level travel time spent in this place.
 C = Inter-level travel time spent in this place.
 D = Time resting spent in this place.
 E = Time spent auto-exploring this place.
 F = Levels seen in this place.
 G = Mean time per level.
                   A        B        C        D        E       F      G
               +--------+--------+--------+--------+--------+-----+--------+
         Total |    369 |    369 |      0 |    174 |     88 |   1 |  369.0 |
       Dungeon |    369 |    369 |      0 |    174 |     88 |   1 |  369.0 |
               +--------+--------+--------+--------+--------+-----+--------+

Top non-repeatable levels by time:
     D:1: 369 daAuts
